 Dungeon Crawl Stone Soup version 0.31-a0-1616-gbeaec30b81 (webtiles) character file.

Game seed: 11623688981273417406

360656 lucidstorm14 the Severer (level 21, -3/201 HPs)
             Began as a Minotaur Berserker on Jan 10, 2024.
             Was the Champion of Trog.
             Slain by a large abomination (16 damage)
             ... on level 4 of the Abyss on Jan 11, 2024.
             The game lasted 03:10:55 (42852 turns).

lucidstorm14 the Severer (Minotaur Berserker)      Turns: 42852, Time: 03:10:55

Health: -3/201     AC: 44    Str: 34    XL:     21   Next: 48%
Magic:  14/20      EV: 15    Int:  6    God:    Trog [******]
Gold:   1612       SH: 14    Dex: 15    Spells: 20/20 levels left

rFire   . . .        x - +9 broad axe (heavy)
rCold   . . .        F - +0 kite shield
rNeg    . . .        T - +7 crystal plate armour
rPois   .            z - +2 hat {Stlth+}
rElec   .            a - +2 cloak
rCorr   .            I - +0 pair of gloves {infuse}
SInv    .            e - +2 pair of boots of Untold Secrets {Str+2}
Will    +....        u - amulet of regeneration Stlth
                     J - ring of flight
HPRegen 0.00/turn    H - +6 ring of strength
MPRegen 0.17/turn

%: infuse magic (1 MP)
@: lethally poisoned (-3 -> -18), sick, flying, silenced
A: horns 2, retaliatory headbutt, talons 1, iridescent scales 1, screaming 1
}: 2/15 runes: decaying, gossamer
a: Renounce Religion


You were on level 4 of the Abyss.
You worshipped Trog.
Trog was exalted by your worship.
You visited 6 branches of the dungeon, and saw 32 of its levels.
You visited the Abyss 2 times.
You also visited: Ice Cave.

You collected 3983 gold pieces.
You spent 2371 gold pieces at shops.

Inventory:

Hand Weapons
 x - a +9 heavy broad axe (weapon)
 W - a +5 heavy battleaxe
Missiles
 K - 15 curare-tipped darts (quivered)
Armour
 a - a +2 cloak (worn)
 e - the +2 pair of boots of Untold Secrets (worn) {Str+2}
   (You acquired it on level 5 of the Dungeon)

   Str+2:     It affects your strength (+2).
 z - a +2 hat of stealth (worn)
 F - a +0 kite shield (worn)
 I - a +0 pair of gloves of infusion (worn)
 T - a +7 crystal plate armour (worn)
Jewellery
 m - a ring of poison resistance
 n - a +5 ring of evasion
 r - a ring of see invisible
 u - an amulet of regeneration (around neck)
 H - a +6 ring of strength (right hand)
 J - a ring of flight (left hand)
 L - a ring of resist corrosion
 V - a ring of protection from fire
Wands
 d - a wand of flame (103)
 B - a wand of roots (31)
 C - a wand of digging (13)
 M - a wand of charming (30)
 Q - a wand of polymorph (14)
Scrolls
 b - 4 scrolls of noise
 c - 6 scrolls of poison
 f - 3 scrolls of teleportation
 o - 4 scrolls of silence
 t - 2 scrolls of immolation
 v - 6 scrolls of vulnerability
 y - a scroll of torment
 A - 6 scrolls of fog
 P - 4 scrolls of fear
 U - 6 scrolls of revelation
 Z - 2 scrolls of summoning
Potions
 g - 6 potions of attraction
 h - 6 potions of haste
 i - 3 potions of invisibility
 j - 7 potions of curing
 k - 2 potions of mutation
 l - 5 potions of magic
 p - 4 potions of heal wounds
 q - 5 potions of lignification
 D - a potion of berserk rage
 G - a potion of resistance
 N - 4 potions of might
 S - a potion of enlightenment
 Y - a potion of cancellation
Miscellaneous
 s - a phantom mirror
 w - a lightning rod (4/4)
 E - a condenser vane
 R - a sack of spiders (inert)


   Skills:
 - Level 20.0 Fighting
 - Level 20.0 Axes
 + Level 16.3 Armour
 + Level 19.7 Dodging
 + Level 16.3 Shields
 - Level 15.0 Evocations


You had 20 spell levels left.
You didn't know any spells.
Your spell library was empty.

Dungeon Overview and Level Annotations

Branches:
Dungeon (15/15)            Temple (0/1) D:4            Lair (5/5) D:10
  Swamp (4/4) Lair:2       Spider (4/4) Lair:2        Slime (0/5) Lair:4
    Orc (2/2) D:12            Elf (2/3) Orc:2        Vaults (0/5) D:14
 Depths (0/4) D:15          IceCv (visited)

Altars:
Cheibriados
Makhleb
Okawaru
Sif Muna
Trog
Uskayaw
Xom
The Shining One
Jiyva
Lugonu

Shops:
D:1 [:[!   D:5 *   D:8 ([!?[   D:14 (   D:15 ?   Orc:1 =   Orc:2 !!!:   Elf:2 *

Annotations:
D:7 1 runed translucent door


Innate Abilities, Weirdness & Mutations

You have a pair of horns on your head.
You reflexively headbutt those who attack you in melee.
You have sharp toenails.
You are partially covered in iridescent scales. (AC +2)
You occasionally shout uncontrollably at your foes.


Message History

The death drake attacks as it pursues you!
The death drake bites you but does no damage.
The raiju is engulfed in dark miasma.
The raiju looks even sicker.
The raiju seems to slow down.
You block the raiju's attack.
A starcursed mass splits.
A cacophony of accursed wailing tears at your sanity!
* * * LOW HITPOINT WARNING * * *
You suddenly lose the ability to move!
The death drake bites you but does no damage.
* * * LOW HITPOINT WARNING * * *
You feel very sick.
The raiju is no longer moving slowly.
An Executioner comes into view.
The large abomination hits you but does no damage.
The raiju bites you but does no damage. x2; The death drake barely misses you.
A starcursed mass splits.
The Executioner moves out of view.
You can move again.
You feel much better.
You feel very sick. The large abomination misses you. You furiously retaliate!
You headbutt the large abomination! You block the raiju's attack.
The death drake bites you!
* * * LOW HITPOINT WARNING * * *
The raiju bursts into living lightning!
The living lightning hits you.
* * * LOW HITPOINT WARNING * * *
The raiju blinks!
A large abomination comes into view.
A starcursed mass splits.
You reach into the sack... ...and things crawl out!
The raiju is caught in a web! x2; The large abomination evades a web.
The starcursed mass evades a web. x2
The large abomination is caught in a web!
The death drake is caught in a web!
The starcursed mass is caught in a web! x3
The sack is emptied!
* * * LOW HITPOINT WARNING * * *
You feel very sick.
The death drake disappears in a puff of smoke!
The large abomination hits you!
You die... . . # .#X## ##⌠....... .# # .# WGW# #⌠...... . ###. # # .##⌠...... .# ## ####.##.⌠....# .h## ~ C#C

.#.#......##...# .
##C#W####⌠...X.....# ~
#### .~⌠⌠qXsX..s..# ..
⌠⌠⌠⌠⌠⌠.XX.h.X@....#
...X.......X.XX.hhX...#
... .......^X.Xss...#..
. ..................X..#
......#...#..#...#.X...#
...... #..#.##...#.#.##.
#.#.....##..#..###.#X.#
#. . ..# #.##..# .X .X
#####. ##.# #..


You could see 14 starcursed masses, a white draconian stormcaller, 3 large
abominations, 4 raiju, a friendly wolf spider (summoned), a friendly culicivora
(summoned, unsilenced), a friendly tarantella (summoned) and a friendly redback
(summoned).

Vanquished Creatures
  Saint Roka (Orc:2)
  3 bone dragons
  Nikola (Spider:3)
  Arachne (Spider:4)
  2 tentacled monstrosities (Swamp:3)
  Jorgrun (Spider:2)
  Rupert (Lair:5)
  A lich (Abyss:4)
  A shard shrike skeleton (Abyss:2)
  A deep elf blademaster (Elf:2)
  Agnes (Spider:4)
  7 tentacled starspawn (Abyss:2)
  Gastronok (Lair:2)
  3 thorn hunters
  The ghost of Xavori the Nimble, an adept DjCK of Xom (Swamp:2)
  A revenant (Abyss:2)
  The ghost of Ruxiki the Unseen, an adept VSBr of Uskayaw (Spider:1)
  A draconian monk (Abyss:2)
  4 emperor scorpions
  A balrug (Abyss:2)
  4 ghost moths
  A reaper (Abyss:3)
  7 broodmothers
  8 very ugly things
  A spriggan defender (Swamp:2)
  A cacodemon (Abyss:2)
  The ghost of Adatourgh the Spry, a journeyman KoHu of Okawaru (Elf:1)
  11 bunyips
  A deep elf death mage (Elf:1)
  11 eleionomae
  Azrael (D:12)
  2 purple draconians
  3 spark wasps
  Josephine (D:12)
  Fannar (D:12)
  A great orb of eyes (Abyss:2)
  A yaktaur captain (D:14)
  7 entropy weavers
  A deep elf high priest (Elf:1)
  2 shambling mangroves (Swamp:4)
  12 hydras
  2 rakshasas
  5 alligators
  4 centaur warriors
  3 catoblepae (Lair:5)
  8 boulder beetles
  3 radroaches
  Erica (D:8)
  3 jorogumos
  4 ghost crabs
  8 two-headed ogres
  25 dancing weapons
  3 tengu warriors (D:15)
  7 death yaks (Lair:5)
  3 hell hogs (Abyss:2)
  A spriggan berserker (Swamp:2)
  10 demonic crawlers
  Urug (Lair:2)
  5 thrashing horrors
  6 orc high priests
  7 deep elf knights
  4 wretched stars
  17 spriggans
  2 goliath frogs
  8 pharaoh ants
  3 sixfirhies (Abyss:2)
  A spatial maelstrom (Abyss:2)
  7 large abominations (Abyss:2)
  3 spectral hydras (Swamp:4)
  2 glowing orange brains
  A phantasmal warrior (Swamp:4)
  4 sun moths
  5 swamp dragons
  A deep elf archer (Elf:2)
  11 orb spiders
  Pikel (D:5)
  5 bog bodies
  12 orc knights
  A necromancer (IceCv)
  12 deep elf zephyrmancers
  23 ugly things
  6 steelbarb worms
  12 deep elf pyromancers
  2 lindwurms (Lair:3)
  3 alligator zombies (Swamp:4)
  2 orc sorcerers (Orc:2)
  Maurice (D:8)
  An oklob plant (Lair:4)
  25 wolf spiders
  5 worldbinders
  2 cyclopes
  6 manticores
  3 will-o-the-wisps
  7 moths of wrath
  8 meliai
  A guardian serpent (shapeshifter) (D:12)
  An apocalypse crab (Abyss:2)
  A black mamba (shapeshifter) (Elf:1)
  3 elephants (Lair:5)
  Joseph (D:8)
  5 smoke demons
  The ghost of Fodor the Chopper, a novice MiFi (D:6)
  An ice statue (IceCv)
  A gargoyle (D:10)
  An alligator snapping turtle zombie (Abyss:2)
  4 orange demons (Abyss:2)
  4 black mambas
  15 cane toads
  A dire elephant skeleton (Abyss:2)
  10 torpor snails
  6 freezing wraiths
  4 unseen horrors (D:11)
  8 kobold demonologists
  4 rime drakes
  3 efreet
  14 ice devils
  10 komodo dragons
  2 yaktaurs (D:14)
  A hellion (Abyss:2)
  An anaconda simulacrum (IceCv)
  6 ancient zymes
  3 swamp worm zombies (Swamp:4)
  6 hydra zombies (Swamp:4)
  A queen bee (shapeshifter) (Abyss:2)
  25 hornets
  2 bloated husks
  Grinder (D:5)
  3 polar bears
  6 trolls
  30 tarantellas
  8 tyrant leeches
  9 blink frogs
  4 slime creatures
  A dream sheep (shapeshifter) (Elf:1)
  24 raiju
  3 spectral swamp dragons (Swamp:4)
  An air elemental (Elf:2)
  34 culicivoras
  Sigmund (D:5)
  3 water elementals
  2 ynoxinuls (Abyss:2)
  29 jumping spiders
  A vampire (D:14)
  2 shadows (D:11)
  4 wyverns
  7 wraiths
  2 fire bats (Abyss:2)
  A warg (Orc:2)
  62 yaks
  5 fire elementals
  4 neqoxecs
  3 tyrant leech zombies (Swamp:4)
  2 hogs (D:8)
  9 vampire mosquitoes
  3 basilisks
  4 harpy simulacra
  70 redbacks
  6 chaos spawn
  5 death yak simulacra (IceCv)
  A swamp worm (shapeshifter) (D:15)
  10 swamp worms
  A naga (Abyss:4)
  A spatial vortex (Abyss:2)
  2 hell hounds (D:12)
  2 hydra simulacra (IceCv)
  2 acid dragons
  11 water moccasins
  7 black bears
  Duvessa (D:5)
  40 orc warriors
  A swamp drake (Lair:2)
  3 sky beasts
  29 laughing skulls
  12 small abominations
  4 ice beasts
  6 ogres
  A boggart (shapeshifter) (D:15)
  A swamp dragon zombie (Swamp:4)
  10 phantoms
  15 centaurs
  4 starcursed masses
  19 wolves
  4 lemures (D:5)
  5 weeping skulls (Abyss:2)
  7 kobold brigands
  3 brain worms
  A brain worm (shapeshifter) (D:14)
  2 gnoll sergeants
  11 bullfrogs
  2 two-headed ogre simulacra (IceCv)
  An earth elemental (Abyss:2)
  7 scorpions
  6 cane toad simulacra (IceCv)
  Dowan (D:5)
  7 killer bees
  4 elephant simulacra (IceCv)
  6 electric eels
  10 howler monkeys
  2 crimson imps
  3 bombardier beetles
  4 hounds
  2 quasits (D:9)
  A gnoll bouda (D:4)
  10 jellies
  31 orc priests
  Crazy Yiuf (D:5)
  4 iron imps (Abyss:2)
  2 sleepcaps (D:5)
  19 orc wizards
  5 polar bear simulacra (IceCv)
  5 iguanas
  A spriggan simulacrum (IceCv)
  20 gnolls
  9 adders
  A naga simulacrum (IceCv)
  3 shadow imps
  5 white imps
  An ufetubus (IceCv)
  4 dart slugs
  85 orcs
  4 ball pythons
  18 endoplasms
  10 giant cockroaches
  5 goblins (D:1)
  4 hobgoblins
  4 jackals (D:1)
  14 bats
  4 frilled lizards
  16 kobolds
  4 rats
  A butterfly (D:7)
  A lurking horror (Abyss:2)
  10 starspawn tentacles (Abyss:2)
1495 creatures vanquished.

Vanquished Creatures (collateral kills)
  An emperor scorpion (Spider:1)
  A spark wasp (Spider:1)
  A jorogumo (Spider:1)
  A dancing weapon (Elf:2)
  A deep elf knight (Elf:2)
  A deep elf zephyrmancer (Elf:2)
  A moth of wrath (Spider:1)
  2 ice devils (IceCv)
9 creatures vanquished.

Vanquished Creatures (others)
  A fenstrider witch (Swamp:4)
  A ghost moth (Abyss:2)
  An alligator (Swamp:2)
  A demonic crawler (Spider:2)
  A pharaoh ant (Spider:4)
  6 bloated husks
  A raiju (Abyss:4)
  2 vampire mosquitoes (Swamp:4)
  An orc warrior (Orc:2)
  A laughing skull (Abyss:2)
  A phantom (Swamp:4)
  A small abomination (Abyss:2)
  A starcursed mass (Abyss:2)
  An orc wizard (D:12)
  14 foxfires
  11 starspawn tentacles (Abyss:2)
45 creatures vanquished.

Grand Total: 1549 creatures vanquished

Notes
Turn   | Place    | Note
-------+----------+-------------------------------------------
     0 | D:1      | lucidstorm14 the Minotaur Berserker began the quest for the
                  | Orb.
     0 | D:1      | Reached XP level 1. HP: 19/19 MP: 0/0
    11 | D:1      | Found Zoufusch's Book Shoppe.
    91 | D:1      | Reached XP level 2. HP: 23/27 MP: 1/1
   144 | D:1      | Found Join Nuo's Antique Armour Emporium.
   218 | D:1      | Found Nerphaj's Antique Armour Emporium.
   367 | D:1      | Found Yfeikkis's Distillery.
   472 | D:1      | Reached ** piety under Trog
   819 | D:2      | Reached XP level 3. HP: 33/33 MP: 2/2
  1417 | D:3      | Identified the +9 short sword of the Desert {heavy,
                  | *Corrode Int+6 Dex+5}
  1988 | D:4      | Reached XP level 4. HP: 26/41 MP: 3/3
  2258 | D:4      | Reached XP level 5. HP: 47/47 MP: 4/4
  2362 | D:4      | Noticed a phantom
  2373 | D:4      | Killed a phantom
  2374 | D:4      | Reached skill level 5 in Fighting
  2374 | D:4      | Reached skill level 5 in Axes
  2424 | D:4      | Noticed a black bear
  2430 | D:4      | Killed a black bear
  2431 | D:4      | Reached XP level 6. HP: 56/56 MP: 5/5
  2648 | D:4      | Found a staircase to the Ecumenical Temple.
  2990 | D:5      | Entered Level 5 of the Dungeon
  3105 | D:5      | Noticed a water moccasin
  3113 | D:5      | Killed a water moccasin
  3114 | D:5      | Reached skill level 5 in Armour
  3114 | D:5      | Reached XP level 7. HP: 46/62 MP: 6/6
  3144 | D:5      | Reached skill level 5 in Dodging
  3337 | D:5      | Found Dozeus's Assorted Antiques.
  3424 | D:5      | Noticed Dowan
  3459 | D:5      | Noticed Duvessa
  3468 | D:5      | Killed Dowan
  3468 | D:5      | Killed Duvessa
  3469 | D:5      | Reached *** piety under Trog
  3558 | D:5      | Found a snail-covered altar of Cheibriados.
  3704 | D:5      | Reached XP level 8. HP: 73/73 MP: 7/7
  3792 | D:5      | Noticed Grinder
  3802 | D:5      | Paralysed by Grinder for 4 turns
  3811 | D:5      | Identified 3 scrolls of acquirement
  3811 | D:5      | Acquired a +3 heavy broad axe
  3816 | D:5      | Killed Grinder
  3975 | D:5      | Acquired the +2 pair of boots of Untold Secrets {Str+2}
  3976 | D:5      | Acquired 589 gold pieces
  4009 | D:5      | Noticed Sigmund
  4023 | D:5      | Killed Sigmund
  4203 | D:5      | Noticed Pikel
  4214 | D:5      | Killed Pikel
  4215 | D:5      | Reached XP level 9. HP: 51/85 MP: 8/8
  4523 | D:5      | Found a runed translucent door.
  4524 | D:5      | Noticed Crazy Yiuf
  4529 | D:5      | Killed Crazy Yiuf
  4714 | D:6      | Reached skill level 10 in Fighting
  4721 | D:6      | Reached skill level 10 in Axes
  4905 | D:6      | Reached skill level 1 in Shields
  4991 | D:6      | Found a runed translucent gate.
  4991 | D:6      | Found a runed translucent gate.
  4991 | D:6      | Found a runed translucent gate.
  4992 | D:6      | Noticed Fodor's ghost (novice MiFi)
  5002 | D:6      | Killed Fodor's ghost
  5160 | D:6      | Reached **** piety under Trog
  5720 | D:7      | Found a runed translucent door.
  5739 | D:7      | Found a runed translucent door.
  6038 | D:7      | Found an iron altar of Okawaru.
  6140 | D:7      | Found a shimmering altar of Xom.
  6141 | D:7      | Found a burning altar of Makhleb.
  6277 | D:7      | Reached XP level 10. HP: 96/96 MP: 9/9
  6424 | D:1      | Bought a pair of gloves for 90 gold pieces
  6424 | D:1      | Bought a kite shield for 90 gold pieces
  6600 | D:8      | Noticed Erica
  6603 | D:8      | Reached skill level 5 in Shields
  6609 | D:8      | Noticed Maurice
  6610 | D:8      | Killed Erica
  6616 | D:8      | Something stole a throwing net
  6617 | D:8      | HP: 4/96 [poisoned by Erica (bolt of poison)]
  6641 | D:8      | Killed Maurice
  7043 | D:8      | Noticed Joseph
  7044 | D:8      | Found a shimmering blue altar of Sif Muna.
  7050 | D:8      | Killed Joseph
  7200 | D:8      | Found Pieg's Armour Shoppe.
  7212 | D:8      | Bought a +0 pair of gloves of infusion for 161 gold pieces
  7352 | D:8      | Found a runed translucent gate.
  7352 | D:8      | Found a runed translucent gate.
  7353 | D:8      | Found a runed translucent gate.
  7390 | D:8      | Reached XP level 11. HP: 106/106 MP: 1/10
  7494 | D:8      | Found Osiacsow's Distillery.
  7498 | D:8      | Found Fapunta's Antique Weapon Shop.
  7501 | D:8      | Found Kaaloa's Magic Scroll Shop.
  7503 | D:8      | Found Onyneroz's Armour Shop.
  7787 | D:9      | Reached ***** piety under Trog
  7788 | D:9      | Noticed a two-headed ogre
  7796 | D:9      | Killed a two-headed ogre
  7987 | D:9      | Reached skill level 15 in Axes
  8107 | D:9      | Noticed a deep elf pyromancer
  8116 | D:9      | Killed a deep elf pyromancer
  8456 | D:9      | Found a glowing golden altar of the Shining One.
  8457 | D:9      | Found a bloodstained altar of Trog.
  8869 | D:10     | Entered Level 10 of the Dungeon
  8916 | D:10     | Noticed a two-headed ogre
  8918 | D:10     | Killed a two-headed ogre
  8951 | D:10     | Found a staircase to the Lair.
  8983 | D:10     | Noticed a two-headed ogre
  8994 | D:10     | Killed a two-headed ogre
  9234 | D:10     | Found a corrupted altar of Lugonu.
  9300 | D:10     | Identified the serpent talisman of Dramatic Exits {+Blink}
  9328 | D:10     | Noticed a sun demon
  9345 | D:10     | Noticed a sixfirhy
  9558 | D:10     | Received a gift from Trog
  9660 | Lair:1   | Entered Level 1 of the Lair of Beasts
  9724 | Lair:1   | Reached XP level 12. HP: 111/118 MP: 3/11
  9924 | Lair:1   | Noticed a boulder beetle
  9943 | Lair:1   | Killed a boulder beetle
 10012 | Lair:1   | You fall into a shaft and drop 1 floor!
 10037 | Lair:2   | Noticed a four-headed hydra
 10048 | Lair:2   | Killed a six-headed hydra
 10367 | Lair:1   | Reached skill level 15 in Fighting
 10962 | Lair:2   | Noticed Urug
 10968 | Lair:2   | Killed Urug
 11052 | Lair:2   | Found a staircase to the Swamp.
 11305 | Lair:2   | Found a hole to the Spider Nest.
 11831 | Lair:2   | Noticed Gastronok
 11840 | Lair:2   | Killed Gastronok
 11840 | Lair:2   | Received a gift from Trog
 12708 | Lair:3   | Found a frozen archway.
 12717 | Lair:3   | Reached XP level 13. HP: 116/128 MP: 5/12
 12724 | IceCv    | Entered an ice cave
 13228 | IceCv    | Found the +4 skin of Zhor {*Englaciate rC+++ SInv}
 13262 | IceCv    | Found an ancient bone altar of Kikubaaqudgha.
 15884 | Lair:4   | Found a viscous altar of Jiyva.
 15886 | Lair:4   | Found a staircase to the Slime Pits.
 16459 | Lair:4   | Identified the +8 mace "Icugroch" {freeze, rF+ Dex+5}
 16554 | Lair:5   | Entered Level 5 of the Lair of Beasts
 16787 | Lair:5   | Reached XP level 14. HP: 146/146 MP: 10/13
 16914 | Lair:5   | Noticed Rupert
 16922 | Lair:5   | Killed Rupert
 16922 | Lair:5   | Received a gift from Trog
 18367 | D:8      | Bought a potion of enlightenment for 70 gold pieces
 18970 | D:11     | You fall into a shaft and drop 1 floor!
 19644 | D:11     | Reached ****** piety under Trog
 19796 | D:12     | Noticed Azrael
 20012 | D:12     | Noticed Josephine
 20018 | D:12     | Killed Josephine
 20195 | D:12     | Killed Azrael
 20197 | D:12     | Reached XP level 15. HP: 125/155 MP: 2/14
 20469 | D:12     | Noticed Fannar
 20476 | D:12     | Received a gift from Trog
 20478 | D:12     | Killed Fannar
 20735 | D:12     | Found a staircase to the Orcish Mines.
 21327 | D:1      | Bought a crystal plate armour for 1600 gold pieces
 21708 | D:13     | Found a hide-covered altar of Uskayaw.
 23184 | D:14     | Reached skill level 10 in Armour
 23285 | D:14     | Reached skill level 10 in Shields
 23510 | D:14     | Found a gate to the Vaults.
 23595 | D:14     | Found Jacs's Weapon Shop.
 23798 | D:15     | Entered Level 15 of the Dungeon
 23854 | D:15     | Reached skill level 10 in Dodging
 23891 | D:15     | Found a staircase to the Depths.
 23940 | D:15     | Identified the +7 long sword of Mayhem {pain, rCorr Dex+4}
 24048 | D:15     | Found Boad's Magic Scroll Emporium.
 24257 | D:15     | Found a runed translucent door.
 24284 | D:15     | Reached XP level 16. HP: 161/162 MP: 13/15
 24285 | D:15     | Reached XP level 17. HP: 170/170 MP: 13/16
 24389 | D:15     | Received a gift from Trog
 25515 | Orc:1    | Entered Level 1 of the Orcish Mines
 25604 | Orc:2    | Entered Level 2 of the Orcish Mines
 25604 | Orc:2    | Found a staircase to the Elven Halls.
 26085 | Orc:2    | Noticed Saint Roka
 26104 | Orc:2    | Killed Saint Roka
 26572 | Orc:2    | Received a gift from Trog
 26821 | Orc:2    | Found Icsev's Distillery.
 26821 | Orc:2    | Found Zolaw's Book Emporium.
 26822 | Orc:2    | Found Gaq Pume's Distillery.
 26822 | Orc:2    | Found Hyxu's Distillery.
 27512 | Orc:1    | Found Padi's Jewellery Emporium.
 27818 | Spider:1 | Entered Level 1 of the Spider Nest
 27829 | Lair:2   | Received a gift from Trog
 27830 | Lair:2   | Reached XP level 18. HP: 178/178 MP: 13/17
 28104 | Orc:1    | Bought a ring of poison resistance for 360 gold pieces
 28296 | Spider:1 | Identified the +0 leather armour of Perpetual Drought
                  | {Int+3}
 28619 | Spider:1 | Paralysed by a jorogumo for 2 turns
 28677 | Spider:1 | Found a runed translucent gate.
 28683 | Spider:1 | Noticed Ruxiki's ghost (adept VSBr)
 28683 | Spider:1 | Found a runed translucent gate.
 28686 | Spider:1 | Found a runed translucent gate.
 29130 | Spider:1 | HP: 3/178 [Ruxiki's ghost (19)]
 29169 | Spider:1 | Killed Ruxiki's ghost
 29400 | Spider:2 | Reached skill level 1 in Evocations
 29441 | Spider:2 | Received a gift from Trog
 29730 | Spider:2 | Noticed Jorgrun
 29780 | Spider:2 | Killed Jorgrun
 30395 | Spider:2 | Reached skill level 15 in Armour
 30763 | Spider:3 | Noticed Nikola
 30920 | Spider:3 | Killed Nikola
 31158 | Spider:3 | Reached skill level 15 in Shields
 31224 | Spider:3 | Reached skill level 5 in Evocations
 31293 | Spider:3 | Received a gift from Trog
 32239 | Spider:4 | Entered Level 4 of the Spider Nest
 32244 | Spider:4 | Noticed Arachne
 32273 | Spider:4 | Killed Arachne
 32525 | Spider:4 | Noticed Agnes
 32529 | Spider:4 | Reached XP level 19. HP: 182/185 MP: 15/18
 32534 | Spider:4 | Killed Agnes
 32721 | Spider:4 | Reached skill level 15 in Dodging
 33560 | Spider:4 | Reached skill level 10 in Evocations
 33752 | Spider:4 | Got a gossamer rune of Zot
 34079 | Swamp:1  | Entered Level 1 of the Swamp
 34107 | Swamp:1  | Received a gift from Trog
 34713 | Swamp:2  | Found a transporter.
 34786 | Swamp:2  | Found a transporter.
 34791 | Swamp:2  | Found a bloodstained altar of Trog.
 34805 | Swamp:2  | Noticed Xavori's ghost (adept DjCK)
 35232 | Swamp:2  | Gained mutation: Your movements are slightly less
                  | encumbered by armour. (ER -2) [potion of mutation]
 35233 | Swamp:2  | Lost mutation: Your movements are slightly less encumbered
                  | by armour. (ER -2) [potion of mutation]
 35233 | Swamp:2  | Gained mutation: You are partially covered in iridescent
                  | scales. (AC +2) [potion of mutation]
 35233 | Swamp:2  | Gained mutation: You have sharp toenails. [potion of
                  | mutation]
 35356 | Swamp:2  | Killed Xavori's ghost
 35598 | Swamp:3  | Received a gift from Trog
 36228 | Swamp:3  | Reached XP level 20. HP: 175/193 MP: 15/19
 36637 | Swamp:4  | Entered Level 4 of the Swamp
 36873 | Swamp:4  | Received a gift from Trog
 36954 | Swamp:4  | Noticed a bone dragon
 36965 | Swamp:4  | Killed a bone dragon
 37029 | Swamp:4  | Got a decaying rune of Zot
 37778 | Elf:1    | Entered Level 1 of the Elven Halls
 38762 | Elf:1    | Found a runed translucent door.
 38763 | Elf:1    | Noticed Adatourgh's ghost (journeyman KoHu)
 38786 | Elf:1    | Killed Adatourgh's ghost
 38988 | Elf:1    | Received a gift from Trog
 39246 | Elf:2    | Paralysed by an air elemental for 1 turns
 39304 | Abyss:2  | Cast into level 2 of the Abyss (deep elf archer)
 39809 | Abyss:2  | Gained mutation: You occasionally shout uncontrollably at
                  | your foes. [a cacodemon]
 40129 | Abyss:2  | Reached skill level 15 in Evocations
 40137 | Abyss:2  | Noticed a bone dragon
 40146 | Abyss:2  | Killed a bone dragon
 40337 | Abyss:2  | Paralysed by accursed screaming for 1 turns
 40348 | Abyss:2  | Paralysed by accursed screaming for 1 turns
 40592 | Abyss:2  | Received a gift from Trog
 40723 | Abyss:2  | Reached XP level 21. HP: 113/198 MP: 0/20
 40956 | Abyss:2  | Found a corrupted altar of Lugonu.
 41257 | Abyss:4  | Found a corrupted altar of Lugonu.
 41299 | Abyss:4  | Received a gift from Trog
 41397 | Abyss:4  | Paralysed by accursed screaming for 1 turns
 41414 | Elf:2    | Escaped the Abyss
 41584 | Elf:2    | Found Xetutum's CLEARANCE SALE!.
 41823 | Elf:2    | Found a runed translucent gate.
 41823 | Elf:2    | Found a runed translucent gate.
 41825 | Elf:2    | Found a runed translucent gate.
 42470 | Elf:2    | Received a gift from Trog
 42687 | Abyss:4  | Found a corrupted altar of Lugonu.
 42687 | Abyss:4  | Found a corrupted altar of Lugonu.
 42687 | Abyss:4  | Cast into level 4 of the Abyss (+2 bardiche of distortion)
 42696 | Abyss:4  | Found a corrupted altar of Lugonu.
 42715 | Abyss:4  | Found a corrupted altar of Lugonu.
 42782 | Abyss:4  | Found a corrupted altar of Lugonu.
 42818 | Abyss:4  | Paralysed by accursed screaming for 1 turns
 42829 | Abyss:4  | Found a corrupted altar of Lugonu.
 42830 | Abyss:4  | Paralysed by accursed screaming for 2 turns
 42849 | Abyss:4  | Paralysed by accursed screaming for 2 turns
 42850 | Abyss:4  | HP: 6/201 [poisoned by a death drake (dark miasma)]
 42852 | Abyss:4  | Slain by a large abomination

Illustrated notes

Levels and vault maps discovered:
D:1:      mrwooster_arrival_statue_2, layout_basic, serial_shops, shop,
          nicolae_shop_trees, nicolae_shop_waterfront, shop
D:2:      layout_rooms, dk_noncrumbling_2
D:3:      layout_loops_ring
D:4:      layout_loops_ring, minmay_temple_entry_stoned_glass
D:5:      layout_gridville, mainiacjoe_overflow_brackets, serial_shops,
          nicolae_shop_peninsula, st_stairs_12, minivault_24, uniq_duvessa,
          uniq_pikel, uniq_sigmund, uniq_crazy_yiuf_cottage, uniq_grinder
D:6:      layout_loops_ring, ebering_ghost_rock_garden
D:7:      lemuel_insect_pit, layout_loops_ring,
          mainiacjoe_overflow_tiny_flanked,
          grunt_temple_overflow_champion_of_chaos
D:8:      lemuel_bear_cage, layout_loops_ring, overflow_temple_1_default,
          serial_shops, nicolae_diamond_shop, small_statue_intersection,
          minmay_shop_grid_forest, kennysheep_another_room, roderic_batcave,
          uniq_erica, uniq_maurice, uniq_joseph
D:9:      lemuel_slime, layout_long_grid, nicolae_overflow_squiral,
          nicolae_demonic_statue_gallery
D:10:     kennysheep_kobold_lugonu_temple, layout_basic, hellmonk_lair_entry_icy
D:11:     minmay_chambers_of_sevens, layout_rooms, grunt_tough_drop
D:12:     layout_basic, orc_0_dummy, uniq_josephine, uniq_azrael, uniq_fannar
D:13:     layout_grid_maze, nicolae_uskayaw_murder_on_the_dancefloor
D:14:     layout_gridville, david_vaults_2, serial_shops, shop,
          minmay_misc_feat_doors
D:15:     gammafunk_enter_depths_forms, layout_basic, serial_shops,
          nicolae_shop_rolled_up, minmay_misc_feat_roman,
          gauntlet_entry_generic, nicolae_danse_macabre
Lair:1:   layout_chaotic_city, minivault_26, serial_bayou_shore_b,
          serial_bayou_shore_b
Lair:2:   layout_concentric_octagons, nicolae_swamp_entry_splash_gauntlet,
          hellmonk_spider_entry_life_and_decay, minivault_11,
          serial_bayou_shore_a, uniq_gastronok, uniq_urug
Lair:3:   layout_cave_pods, portal_ice_cave_demonic_guard, grunt_megastairs_2
Lair:4:   layout_gridlike, minmay_slime_entry_oklob_enclosed,
          grunt_forest_small_clearings, dreamdust_wasp_nest,
          serial_bayou_shore_b, infiniplex_staircase_pool
Lair:5:   evilmike_catoblepas_cave, layout_gridlike, lemuel_another_geyser,
          serial_bayou_shore_b, uniq_rupert
Swamp:1:  layout_basic_swamp, evilmike_swamp_ruin_house_3
Swamp:2:  layout_basic_swamp, gammafunk_ghost_wrathful_warriors,
          nicolae_swamp_small_spring
Swamp:3:  layout_basic_swamp, nicolae_swamp_very_dense_foliage, swamp_pool_4,
          nicolae_swamp_bunyip_nook
Swamp:4:  swamp_pestilence, layout_basic_swamp, infiniplex_staircase_pool_2,
          nicolae_swamp_decorative_isthmus
Spider:1: layout_spider_delve, gammafunk_ghost_split, nicolae_spider_eight_legs
Spider:2: layout_spider_delve, uniq_jorgrun
Spider:3: layout_cave_pods, uniq_nikola
Spider:4: hellmonk_spider_rune_endless_swarm, uniq_arachne, uniq_agnes
Orc:1:    layout_caves, serial_shops, nicolae_shop_gaudy_bauble
Orc:2:    st_orc_pillars, layout_diamond_mine, nicolae_orc_damp_corner,
          lemuel_statue_altar, nicolae_orc_crystal_seam,
          regret_index_minedec_guest_junction, uniq_saint_roka
Elf:1:    layout_loops_ring, ebering_ghost_reflecting_pool,
          minmay_elf_crystal_hexagon
Elf:2:    nicolae_elf_blades_splatter_lattice
          [nicolae_blade_entry_sentries_behind_glass], layout_loops_ring,
          nicolae_shop_clearance
Abyss:4:  base: Gauntlet, hangedman_abyss_or_decor_jellyfish_corner,
          hangedman_abyss_overflow_altar, guppyfry_abyss_exit_glass_guarded,
          guppyfry_abyss_exit_glass_guarded, nicolae_abyss_rune_star_stuff,
          base: Swamp:1, hangedman_abyss_exit_choices,
          hangedman_shadowy_showcase, evilmike_abyss_rune_ettins

Skill      XL: |  1  2  3  4  5  6  7  8  9 10 11 12 13 14 15 16 17 18 19 20 21 |
---------------+----------------------------------------------------------------+-----
Fighting       | 4 5 7 9 11 12 14 16 19 20 | 20.0
Axes           | 4 5 7 9 11 14 16 19 20 | 20.0
Armour         | 3 4 5 9 11 12 13 15 16 | 16.3
Dodging        | 3 4 5 8 10 11 12 14 16 18 19 | 19.7
Shields        | 4 5 8 11 12 13 15 16 | 16.3
Evocations     | 6 12 15 | 15.0

Action                     |  1- 3 |  4- 6 |  7- 9 | 10-12 | 13-15 | 16-18 | 19-21 || total
---------------------------+-------+-------+-------+-------+-------+-------+-------++-------
  Melee: Hand axe          |    99 |    75 |    50 |       |       |       |       ||   224
         Headbutt          |    10 |    10 |    30 |    66 |    87 |    88 |   212 ||   503
         Broad axe         |       |       |   134 |   349 |   514 |   549 |  1024 ||  2570
 Invoke: Berserk           |       |     2 |     4 |     5 |       |     3 |     1 ||    15
         Brothers in Arms  |       |       |       |       |     3 |     3 |       ||     6
         Trog's Hand       |       |       |       |       |     1 |     1 |       ||     2
  Evoke: Sack of spiders   |       |       |       |       |       |       |     1 ||     1
    Use: Scroll            |       |       |     5 |    10 |    25 |     7 |    15 ||    62
         Potion            |       |       |       |     1 |     2 |     2 |     6 ||    11
   Stab: Sleeping          |     1 |       |       |       |       |       |       ||     1
         Distracted        |       |       |       |       |       |       |     1 ||     1
 Armour: Animal skin       |    54 |       |       |       |       |       |       ||    54
         Chain mail        |    10 |    44 |    92 |       |       |       |       ||   146
         Plate armour      |       |       |    32 |   227 |   362 |       |       ||   621
         Crystal plate arm |       |       |       |       |    87 |   571 |  1319 ||  1977
  Dodge: Dodged            |    63 |    50 |   147 |   288 |   398 |   339 |   601 ||  1886
  Block: Buckler           |       |       |     8 |     1 |       |       |       ||     9
         Kite shield       |       |       |       |   169 |   282 |   496 |   929 ||  1876

Table legend: (Time is in decaauts)
 A = Elapsed time spent in this place.
 B = Non-inter-level travel time spent in this place.
 C = Inter-level travel time spent in this place.
 D = Time resting spent in this place.
 E = Time spent auto-exploring this place.
 F = Levels seen in this place.
 G = Mean time per level.
                   A        B        C        D        E       F      G
               +--------+--------+--------+--------+--------+-----+--------+
         Total |  43816 |  40067 |   3749 |   5426 |  19859 |  37 | 1184.2 |
       Dungeon |  17158 |  15230 |   1928 |   1873 |   8808 |  15 | 1143.9 |
          Lair |   8320 |   7379 |    941 |    448 |   5380 |   5 | 1664.0 |
         Swamp |   3925 |   3607 |    318 |    313 |   1703 |   4 |  981.2 |
   Spider Nest |   5962 |   5823 |    139 |   1109 |    956 |   4 | 1490.5 |
  Orcish Mines |   2329 |   2052 |    277 |    247 |   1077 |   2 | 1164.5 |
   Elven Halls |   2454 |   2309 |    145 |    493 |    987 |   2 | 1227.0 |
         Abyss |   2302 |   2302 |      0 |    545 |    247 |   4 |  575.5 |
      Ice Cave |   1364 |   1364 |      0 |    397 |    698 |   1 | 1364.0 |
               +--------+--------+--------+--------+--------+-----+--------+

Top non-repeatable levels by time:
  Lair:2: 2174 daAuts
 Abyss:2: 1890 daAuts
Spider:4: 1778 daAuts
  Lair:5: 1776 daAuts
     D:5: 1769 daAuts
   Orc:2: 1753 daAuts
    D:15: 1666 daAuts
    D:12: 1640 daAuts
  Lair:3: 1511 daAuts
Spider:3: 1511 daAuts
  Lair:4: 1429 daAuts
  Lair:1: 1428 daAuts
Spider:2: 1409 daAuts
   Elf:2: 1389 daAuts
   IceCv: 1364 daAuts
